Bridgeport Sound Tigers vs Las Vegas Wranglers

Created - 23 février 2018 at 19:31

Goals
1 2 3 T
Bridgeport Sound Tigers 0 0 2 2
Las Vegas Wranglers 1 1 1 3
Shots
1 2 3 T
Bridgeport Sound Tigers 6 11 22 39
Las Vegas Wranglers 9 15 11 35

1st period

1. Las Vegas Wranglers , Nikolay Goldobin 42 (Ben Holmstrom 13) at 15:44

Penalties :
Zac Rinaldo (WRA) for Kneeing (Minor) at 0:42, Daniel Catenacci (SND) for Tripping (Minor) at 13:10, Erik Burgdoerfer (SND) for Slashing (Minor) at 15:57

2nd period

2. Las Vegas Wranglers , Vladislav Kamenev 35 (Jimmy Hayes 34, Carl Dahlstrom 15) at 0:16

Penalties :
Patrick Sieloff (SND) for Interference (Minor) at 3:20, Sena Acolatse (SND) for Holding (Minor) at 8:46, Korbinian Holzer (WRA) for Tripping (Minor) at 18:48

3rd period

3. Las Vegas Wranglers , Cody Bass 4 (Tage Thompson 25, Korbinian Holzer 2) at 5:12
4. Bridgeport Sound Tigers , Erik Burgdoerfer 3 (Justin Dowling 37, Danny Kristo 13) at 8:03 (PP)
5. Bridgeport Sound Tigers , Daniel Catenacci 4 (Erik Burgdoerfer 10, Gustav Forsling 35) at 13:29

Penalties :
Cody Bass (WRA) for Holding (Minor) at 7:57, Matthew Ford (WRA) for Fighting (Major) at 9:14, Kerby Rychel (SND) for Fighting (Major) at 9:14, Joel Hanley (WRA) for Fighting (Major) at 10:22, Sena Acolatse (SND) for Fighting (Major) at 10:22

Goalie Stats

Cal Heeter (SND), 32 saves from 35 shots - (0,914), L, 4-4-2, 59:03 minutes
Brad Thiessen (WRA), 37 saves from 39 shots - (0,949), W, 28-13-2, 60:00 minutes

Players Stats for Bridgeport Sound Tigers

Player Name              G  A  P  +/- PIM S  H  SB GA TA FO     MP     PP MP  PK MP  
------------------------------------------------------------------------------------
Cody Corbett             0  0  0   0  0   0  1  0  0  1  0/0    11:53   0:00   0:44 
Daniel Catenacci         1  0  1   1  2   1  0  2  0  0  0/0     9:29   0:00   0:00 
Danny Kristo             0  1  1  -1  0   7  1  0  0  3  1/1    18:25   1:58   0:00 
Dylan Sadowy             0  0  0   0  0   1  1  0  0  0  0/0     5:23   0:00   0:52 
Erik Burgdoerfer         1  1  2  -2  2   2  3  0  1  0  0/0    27:04   2:16   2:37 
Evan Rodrigues           0  0  0  -1  0   4  1  1  0  1  14/32  27:24   2:06   4:15 
Gustav Forsling          0  1  1  -2  0   3  0  0  1  2  0/0    28:31   2:16   3:34 
Jacob Middleton          0  0  0   0  0   0  0  0  0  1  0/0    13:04   0:00   2:40 
Justin Dowling           0  1  1  -1  0   3  2  0  0  0  6/11   20:59   1:58   2:37 
Justin Scott             0  0  0   1  0   2  1  0  0  1  2/6    11:38   0:00   1:30 
Kerby Rychel             0  0  0  -2  5   3  2  0  0  0  1/2    16:46   2:06   2:37 
Logan Shaw               0  0  0  -2  0   11 1  2  1  0  1/4    26:29   2:06   4:01 
Michael Bunting          0  0  0  -1  0   0  3  0  0  0  0/2    18:25   1:58   0:00 
Patrick Sieloff          0  0  0   0  2   2  4  1  0  0  0/0    20:24   1:48   2:46 
Ryan Lomberg             0  0  0   0  0   0  0  0  1  1  0/1     7:40   0:00   0:00 
Sena Acolatse            0  0  0   0  7   0  0  2  0  1  0/0    19:15   1:48   3:31 
Stephen MacAulay         0  0  0   0  0   0  0  0  0  0  4/6     7:40   0:00   0:00 
Troy Josephs             0  0  0   0  0   0  0  0  0  0  0/0     1:29   0:00   0:00 

Players Stats for Las Vegas Wranglers

Player Name              G  A  P  +/- PIM S  H  SB GA TA FO     MP     PP MP  PK MP  
------------------------------------------------------------------------------------
Ben Holmstrom            0  1  1   1  0   0  0  0  0  0  5/10   11:02   0:00   0:25 
Carl Dahlstrom           0  1  1   1  0   0  1  1  1  0  0/0    27:49   4:15   1:58 
Chris Casto              0  0  0   0  0   1  1  2  0  1  0/0    21:30   3:41   2:06 
Cody Bass                1  0  1   0  2   4  0  0  0  0  0/0     7:59   0:00   0:00 
Dillon Heatherington     0  0  0   1  0   0  0  0  0  0  0/0    11:48   0:00   1:04 
Emerson Etem             0  0  0   0  0   1  0  0  0  0  1/1     8:00   0:00   0:00 
Jimmy Hayes              0  1  1   1  0   3  1  0  2  0  0/1    22:47   3:58   1:23 
Joel Hanley              0  0  0   0  5   0  1  2  0  1  0/0    20:07   3:41   2:06 
Joel Vermin              0  0  0   1  0   2  0  0  2  0  0/0    12:12   0:31   0:00 
Justin Auger             0  0  0   0  0   3  3  1  0  0  1/1    15:28   3:27   0:00 
Korbinian Holzer         0  1  1   1  2   3  5  2  1  0  0/0    27:02   4:15   0:54 
Matthew Ford             0  0  0   0  5   3  1  0  1  0  0/0    15:32   3:27   1:23 
Nikita Soshnikov         0  0  0   1  0   4  3  2  2  2  1/3    23:46   4:03   2:19 
Nikolay Goldobin         1  0  1   1  0   5  0  1  0  0  0/0    11:22   0:31   0:15 
Peter Stoykewych         0  0  0   1  0   0  1  0  0  0  0/0    11:44   0:00   0:00 
Tage Thompson            0  1  1   0  0   0  0  1  0  0  0/0     8:00   0:00   0:00 
Vladislav Kamenev        1  0  1   1  0   4  2  1  2  0  22/38  24:09   4:24   2:23 
Zac Rinaldo              0  0  0   0  2   2  2  0  0  0  6/11   15:34   3:27   0:00 

3 Stars

1 - Brad Thiessen (WRA)
2 - Vladislav Kamenev (WRA)
3 - Nikolay Goldobin (WRA)

Power Play

Bridgeport Sound Tigers - 1 on 3 Attempt(s) - 33,33%
Las Vegas Wranglers - 0 on 4 Attempt(s) - 0,00%

Penalty Kill

Bridgeport Sound Tigers - 4 on 4 Attempt(s) - 100,00% - Score 0 goal in Penalty Kill
Las Vegas Wranglers - 2 on 3 Attempt(s) - 66,67% - Score 0 goal in Penalty Kill

Team Stat

Bridgeport Sound Tigers - Hits : 20 - Faceoff Wins : 29 - Blocked Shots : 8 - Penalty Minutes : 18
Las Vegas Wranglers - Hits : 21 - Faceoff Wins : 36 - Blocked Shots : 13 - Penalty Minutes : 16

Official

Referees : Brad Meier and Dean Morton
Linesman : Greg Devorski and Mark Shewchyk

Game Notes

Matthew Ford and Kerby Rychel fight to a draw at 9:14 of 3rd period
Sena Acolatse beats up Joel Hanley at 10:22 of 3rd period

Finance

Level 1 -- Attendance: 1416 (70,80%) -- Ticket Income 49 560 $
Level 2 -- Attendance: 757 (75,70%) -- Ticket Income 11 355 $
Total Attendance: 2173 (72,43%)
Total Ticket Income: 60 915 $
Other Income: 29 848 $
Total Income: 90 763 $

Bridgeport Sound Tigers

5 vs 5 Forward 
   Center                   Left Wing                Right Wing               Time % Phy DF OF 
 1 Evan Rodrigues           Kerby Rychel             Logan Shaw               40     1   2  2  
 2 Justin Dowling           Michael Bunting          Danny Kristo             30     1   2  2  
 3 Justin Scott             Daniel Catenacci         Evan Rodrigues           20     1   2  2  
 4 Stephen MacAulay         Ryan Lomberg             Logan Shaw               10     1   2  2  

5 vs 5 Defense 
   Defense                  Defense                                           Time % Phy DF OF 
 1 Erik Burgdoerfer         Gustav Forsling                                   40     1   2  2  
 2 Sena Acolatse            Patrick Sieloff                                   30     1   2  2  
 3 Cody Corbett             Jacob Middleton                                   20     1   2  2  
 4 Erik Burgdoerfer         Gustav Forsling                                   10     1   2  2  

PowerPlay Forward 
   Center                   Left Wing                Right Wing               Time % Phy DF OF 
 1 Evan Rodrigues           Kerby Rychel             Logan Shaw               60     1   2  2  
 2 Justin Dowling           Michael Bunting          Danny Kristo             40     1   2  2  

PowerPlay Defense
   Defense                  Defense                                           Time % Phy DF OF 
 1 Erik Burgdoerfer         Gustav Forsling                                   60     1   2  2  
 2 Sena Acolatse            Patrick Sieloff                                   40     1   2  2  

Penalty Kill 4 Players Forward 
   Center                   Wing                     Time % Phy DF OF 
 1 Evan Rodrigues           Logan Shaw               60     1   2  2  
 2 Kerby Rychel             Justin Dowling           40     1   2  2  

Penalty Kill 4 Players Defense
   Defense                  Defense                  Time % Phy DF OF 
 1 Erik Burgdoerfer         Gustav Forsling          60     1   2  2  
 2 Sena Acolatse            Patrick Sieloff          40     1   2  2  

Penalty Kill - 3 Players Forward 
   Forward                                           Time % Phy DF OF 
 1 Evan Rodrigues                                    60     1   2  2  
 2 Logan Shaw                                        40     1   2  2  

Penalty Kill - 3 Players Defense
   Defense                  Defense                  Time % Phy DF OF 
 1 Erik Burgdoerfer         Gustav Forsling          60     1   2  2  
 2 Sena Acolatse            Patrick Sieloff          40     1   2  2  

4 vs 4 Forward 
   Center                   Wing                     Time % Phy DF OF 
 1 Evan Rodrigues           Logan Shaw               60     1   2  2  
 2 Kerby Rychel             Justin Dowling           40     1   2  2  

4 vs 4 Defense
   Defense                  Defense                  Time % Phy DF OF 
 1 Erik Burgdoerfer         Gustav Forsling          60     1   2  2  
 2 Sena Acolatse            Patrick Sieloff          40     1   2  2  

Last Minutes Offensive
   Center                   Left Wing                Right Wing               Defense                  Defense                  
   Evan Rodrigues           Kerby Rychel             Logan Shaw               Erik Burgdoerfer         Gustav Forsling          

Last Minutes Defensive
   Center                   Left Wing                Right Wing               Defense                  Defense                  
   Evan Rodrigues           Kerby Rychel             Logan Shaw               Erik Burgdoerfer         Gustav Forsling          

Goaltenders
Starting : Cal Heeter               
Backup : Magnus Hellberg          

Extra Forwards
Normal : Dylan Sadowy, Troy Josephs, Justin Scott - PP : Dylan Sadowy, Troy Josephs - PK : Justin Scott
Extra Defensemen
Normal : Cody Corbett, Jacob Middleton, Sena Acolatse - PP : Cody Corbett - PK : Jacob Middleton, Sena Acolatse
Penalty Shots
Evan Rodrigues, Logan Shaw, Kerby Rychel, Justin Dowling, Danny Kristo

Scratches
Evan McEneny (Fractured Metatarsal (Right Foot) Injury)

Las Vegas Wranglers

5 vs 5 Forward 
   Center                   Left Wing                Right Wing               Time % Phy DF OF 
 1 Vladislav Kamenev        Nikita Soshnikov         Jimmy Hayes              40     1   2  2  
 2 Zac Rinaldo              Justin Auger             Matthew Ford             30     1   2  2  
 3 Ben Holmstrom            Nikolay Goldobin         Joel Vermin              20     1   2  2  
 4 Cody Bass                Emerson Etem             Tage Thompson            10     1   2  2  

5 vs 5 Defense 
   Defense                  Defense                                           Time % Phy DF OF 
 1 Korbinian Holzer         Carl Dahlstrom                                    40     1   2  2  
 2 Chris Casto              Joel Hanley                                       30     1   2  2  
 3 Peter Stoykewych         Dillon Heatherington                              20     1   2  2  
 4 Korbinian Holzer         Carl Dahlstrom                                    10     1   2  2  

PowerPlay Forward 
   Center                   Left Wing                Right Wing               Time % Phy DF OF 
 1 Vladislav Kamenev        Nikita Soshnikov         Jimmy Hayes              60     1   2  2  
 2 Zac Rinaldo              Justin Auger             Matthew Ford             40     1   2  2  

PowerPlay Defense
   Defense                  Defense                                           Time % Phy DF OF 
 1 Korbinian Holzer         Carl Dahlstrom                                    60     1   2  2  
 2 Chris Casto              Joel Hanley                                       40     1   2  2  

Penalty Kill 4 Players Forward 
   Center                   Wing                     Time % Phy DF OF 
 1 Nikita Soshnikov         Vladislav Kamenev        60     1   2  2  
 2 Jimmy Hayes              Matthew Ford             40     1   2  2  

Penalty Kill 4 Players Defense
   Defense                  Defense                  Time % Phy DF OF 
 1 Korbinian Holzer         Carl Dahlstrom           60     1   2  2  
 2 Chris Casto              Joel Hanley              40     1   2  2  

Penalty Kill - 3 Players Forward 
   Forward                                           Time % Phy DF OF 
 1 Nikita Soshnikov                                  60     1   2  2  
 2 Vladislav Kamenev                                 40     1   2  2  

Penalty Kill - 3 Players Defense
   Defense                  Defense                  Time % Phy DF OF 
 1 Korbinian Holzer         Carl Dahlstrom           60     1   2  2  
 2 Chris Casto              Joel Hanley              40     1   2  2  

4 vs 4 Forward 
   Center                   Wing                     Time % Phy DF OF 
 1 Nikita Soshnikov         Vladislav Kamenev        60     1   2  2  
 2 Jimmy Hayes              Matthew Ford             40     1   2  2  

4 vs 4 Defense
   Defense                  Defense                  Time % Phy DF OF 
 1 Korbinian Holzer         Carl Dahlstrom           60     1   2  2  
 2 Chris Casto              Joel Hanley              40     1   2  2  

Last Minutes Offensive
   Center                   Left Wing                Right Wing               Defense                  Defense                  
   Vladislav Kamenev        Nikita Soshnikov         Jimmy Hayes              Korbinian Holzer         Carl Dahlstrom           

Last Minutes Defensive
   Center                   Left Wing                Right Wing               Defense                  Defense                  
   Vladislav Kamenev        Nikita Soshnikov         Jimmy Hayes              Korbinian Holzer         Carl Dahlstrom           

Goaltenders
Starting : Brad Thiessen            
Backup : Linus Ullmark            

Extra Forwards
Normal : Joel Vermin, Nikolay Goldobin, Ben Holmstrom - PP : Joel Vermin, Nikolay Goldobin - PK : Ben Holmstrom
Extra Defensemen
Normal : Peter Stoykewych, Dillon Heatherington, Chris Casto - PP : Peter Stoykewych - PK : Dillon Heatherington, Chris Casto
Penalty Shots
Nikita Soshnikov, Vladislav Kamenev, Jimmy Hayes, Matthew Ford, Justin Auger

Scratches
Adam Clendening (Healthy), Paul LaDue (Healthy), Wacey Hamilton (Healthy), Robin Norell (Healthy), Kayle Doetzel (Healthy)
Adam Gilmour (Healthy), Tom Parisi (Healthy), Jared Coreau (Healthy)

% Time on Ice - Bridgeport Sound Tigers

Lines # - Real PCT - Wanted PCT - Time Play
Normal Forward
1 - 27% - 40% - 12:40
2 - 36% - 30% - 17:08
3 - 20% - 20% - 9:29
4 - 16% - 10% - 7:40
Normal Defense
1 - 42% - 40% - 19:48
2 - 32% - 30% - 15:03
3 - 20% - 20% - 9:35
4 - 5% - 10% - 2:31
PP Forward
1 - 52% - 60% - 2:06
2 - 48% - 40% - 1:58
PP Defense
1 - 56% - 60% - 2:16
2 - 44% - 40% - 1:48
PK Forward
1 - 67% - 60% - 5:19
2 - 33% - 40% - 2:37
PK Defense
1 - 45% - 60% - 3:32
2 - 55% - 40% - 4:24
PK3 Forward
1 - 0% - 60%
2 - 0% - 40%
PK3 Defense
1 - 0% - 60%
2 - 0% - 40%
44 Forward
1 - 0% - 60%
2 - 0% - 40%
44 Defense
1 - 0% - 60%
2 - 0% - 40%
Last Minute Offensive  - 1:03
Last Minute Defensive  - 0:00
Total
Forward - 60:00
Defense - 60:00

% Time on Ice - Las Vegas Wranglers

Lines # - Real PCT - Wanted PCT - Time Play
Normal Forward
1 - 35% - 40% - 16:27
2 - 26% - 30% - 12:10
3 - 22% - 20% - 10:21
4 - 17% - 10% - 8:00
Normal Defense
1 - 41% - 40% - 19:12
2 - 34% - 30% - 15:56
3 - 22% - 20% - 10:18
4 - 3% - 10% - 1:32
PP Forward
1 - 57% - 60% - 4:29
2 - 43% - 40% - 3:27
PP Defense
1 - 54% - 60% - 4:15
2 - 46% - 40% - 3:41
PK Forward
1 - 66% - 60% - 2:41
2 - 34% - 40% - 1:23
PK Defense
1 - 48% - 60% - 1:58
2 - 52% - 40% - 2:06
PK3 Forward
1 - 0% - 60%
2 - 0% - 40%
PK3 Defense
1 - 0% - 60%
2 - 0% - 40%
44 Forward
1 - 0% - 60%
2 - 0% - 40%
44 Defense
1 - 0% - 60%
2 - 0% - 40%
Last Minute Offensive  - 0:00
Last Minute Defensive  - 1:02
Total
Forward - 60:00
Defense - 60:00

Play by Play

1st period


0:01 of 1st period - Vladislav Kamenev wins face-off versus Logan Shaw in neutral zone.
0:22 of 1st period - Logan Shaw is hit by Korbinian Holzer and loses puck.
0:42 of 1st period - Minor Penalty to Zac Rinaldo for Kneeing.
0:43 of 1st period - Evan Rodrigues wins face-off versus Nikita Soshnikov in Las Vegas Wranglers zone.
0:45 of 1st period - Snap shot by Evan Rodrigues.
0:45 of 1st period - Shot Blocked by Chris Casto.
0:47 of 1st period - Wrist shot by Evan Rodrigues.
0:47 of 1st period - Shot Misses the Net.
2:25 of 1st period - Sena Acolatse is hit by Korbinian Holzer and loses puck.
2:42 of 1st period - Penalty to Zac Rinaldo is over, Zac Rinaldo is back on ice.
3:02 of 1st period - Slapshot by Cody Bass.
3:02 of 1st period - Stopped by Cal Heeter without a rebound.
3:03 of 1st period - Ben Holmstrom wins face-off versus Stephen MacAulay in Bridgeport Sound Tigers zone.
4:10 of 1st period - Jacob Middleton is hit by Justin Auger and loses puck.
4:25 of 1st period - Sena Acolatse is hit by Joel Hanley and loses puck.
4:30 of 1st period - Wrist shot by Nikolay Goldobin.
4:30 of 1st period - Shot Misses the Net.
4:51 of 1st period - Wrist shot by Danny Kristo.
4:51 of 1st period - Stopped by Brad Thiessen without a rebound.
4:52 of 1st period - Kerby Rychel wins face-off versus Vladislav Kamenev in Las Vegas Wranglers zone.
5:37 of 1st period - Icing by Nikolay Goldobin.
5:38 of 1st period - Emerson Etem wins face-off versus Justin Dowling in Las Vegas Wranglers zone.
5:47 of 1st period - Snap shot by Cody Bass.
5:47 of 1st period - Shot Blocked by Patrick Sieloff.
5:49 of 1st period - Wrist shot by Emerson Etem.
5:49 of 1st period - Stopped by Cal Heeter with a rebound.
5:53 of 1st period - Wrist shot by Cody Bass.
5:53 of 1st period - Shot Blocked by Sena Acolatse.
6:09 of 1st period - Snap shot by Matthew Ford.
6:09 of 1st period - Shot Misses the Net.
6:53 of 1st period - Snap shot by Joel Vermin.
6:53 of 1st period - Stopped by Cal Heeter with a rebound.
6:55 of 1st period - Wrist shot by Joel Vermin.
6:55 of 1st period - Stopped by Cal Heeter with a rebound.
7:29 of 1st period - Backhand shot by Evan Rodrigues.
7:29 of 1st period - Stopped by Brad Thiessen with a rebound.
7:47 of 1st period - Vladislav Kamenev is hit by Michael Bunting and loses puck.
8:47 of 1st period - Kerby Rychel is hit by Korbinian Holzer.
9:02 of 1st period - Icing by Korbinian Holzer.
9:03 of 1st period - Stephen MacAulay wins face-off versus Ben Holmstrom in Las Vegas Wranglers zone.
9:43 of 1st period - Wrist shot by Logan Shaw.
9:43 of 1st period - Stopped by Brad Thiessen with a rebound.
9:55 of 1st period - Matthew Ford is hit by Michael Bunting and loses puck.
11:45 of 1st period - Wrist shot by Cody Bass.
11:45 of 1st period - Stopped by Cal Heeter without a rebound.
11:46 of 1st period - Stephen MacAulay wins face-off versus Jimmy Hayes in Bridgeport Sound Tigers zone.
12:07 of 1st period - Snap shot by Matthew Ford.
12:07 of 1st period - Stopped by Cal Heeter without a rebound.
12:08 of 1st period - Justin Auger wins face-off versus Michael Bunting in Bridgeport Sound Tigers zone.
12:35 of 1st period - Vladislav Kamenev is hit by Kerby Rychel and loses puck.
12:52 of 1st period - Off-side.
12:53 of 1st period - Evan Rodrigues wins face-off versus Ben Holmstrom in neutral zone.
13:10 of 1st period - Minor Penalty to Daniel Catenacci for Tripping.
13:11 of 1st period - Vladislav Kamenev wins face-off versus Evan Rodrigues in Bridgeport Sound Tigers zone.
13:15 of 1st period - Snap shot by Nikita Soshnikov.
13:15 of 1st period - Stopped by Cal Heeter with a rebound.
13:17 of 1st period - Snap shot by Nikita Soshnikov.
13:17 of 1st period - Shot Blocked by Logan Shaw.
13:19 of 1st period - Slapshot by Korbinian Holzer.
13:19 of 1st period - Shot Blocked by Logan Shaw.
13:21 of 1st period - Snap shot by Nikita Soshnikov.
13:21 of 1st period - Shot Misses the Net.
14:57 of 1st period - Sena Acolatse is hit by Matthew Ford and loses puck.
15:10 of 1st period - Penalty to Daniel Catenacci is over, Daniel Catenacci is back on ice.
15:32 of 1st period - Icing by Cody Corbett.
15:33 of 1st period - Justin Dowling wins face-off versus Ben Holmstrom in Bridgeport Sound Tigers zone.
15:38 of 1st period - Wrist shot by Nikolay Goldobin.
15:38 of 1st period - Stopped by Cal Heeter without a rebound.
15:39 of 1st period - Ben Holmstrom wins face-off versus Evan Rodrigues in Bridgeport Sound Tigers zone.
15:44 of 1st period - Wrist shot by Nikolay Goldobin.
15:44 of 1st period - Goal by Nikolay Goldobin - Bridgeport Sound Tigers : 0 - Las Vegas Wranglers : 1.
15:45 of 1st period - Evan Rodrigues wins face-off versus Vladislav Kamenev in neutral zone.
15:57 of 1st period - Minor Penalty to Erik Burgdoerfer for Slashing.
15:58 of 1st period - Evan Rodrigues wins face-off versus Vladislav Kamenev in Bridgeport Sound Tigers zone.
17:57 of 1st period - Penalty to Erik Burgdoerfer is over, Erik Burgdoerfer is back on ice.
18:37 of 1st period - Icing by Jacob Middleton.
18:38 of 1st period - Stephen MacAulay wins face-off versus Zac Rinaldo in Bridgeport Sound Tigers zone.
18:49 of 1st period - Wrist shot by Justin Dowling.
18:49 of 1st period - Stopped by Brad Thiessen without a rebound.
18:50 of 1st period - Evan Rodrigues wins face-off versus Vladislav Kamenev in Las Vegas Wranglers zone.
18:55 of 1st period - Snap shot by Logan Shaw.
18:55 of 1st period - Stopped by Brad Thiessen without a rebound.
18:56 of 1st period - Vladislav Kamenev wins face-off versus Evan Rodrigues in Las Vegas Wranglers zone.
19:07 of 1st period - Wrist shot by Evan Rodrigues.
19:07 of 1st period - Shot Blocked by Nikita Soshnikov.
19:31 of 1st period - Wrist shot by Logan Shaw.
19:31 of 1st period - Stopped by Brad Thiessen without a rebound.
19:32 of 1st period - Zac Rinaldo wins face-off versus Michael Bunting in Las Vegas Wranglers zone.
19:32 of 1st period - Justin Auger is hit by Danny Kristo and loses puck.
19:57 of 1st period - Joel Vermin is hit by Evan Rodrigues and loses puck.
Goals for this period are 0 for Bridgeport Sound Tigers vs 1 for Las Vegas Wranglers.
Shots for this period are 6 for Bridgeport Sound Tigers vs 9 for Las Vegas Wranglers.

2nd period


0:01 of 2nd period - Evan Rodrigues wins face-off versus Vladislav Kamenev in neutral zone.
0:04 of 2nd period - Snap shot by Kerby Rychel.
0:04 of 2nd period - Shot Misses the Net.
0:10 of 2nd period - Wrist shot by Nikita Soshnikov.
0:10 of 2nd period - Shot Misses the Net.
0:12 of 2nd period - Slapshot by Carl Dahlstrom.
0:12 of 2nd period - Shot Misses the Net.
0:14 of 2nd period - Snap shot by Jimmy Hayes.
0:14 of 2nd period - Stopped by Cal Heeter with a rebound.
0:16 of 2nd period - Slapshot by Vladislav Kamenev.
0:16 of 2nd period - Goal by Vladislav Kamenev - Bridgeport Sound Tigers : 0 - Las Vegas Wranglers : 2.
0:17 of 2nd period - Vladislav Kamenev wins face-off versus Evan Rodrigues in neutral zone.
0:28 of 2nd period - Gustav Forsling is hit by Nikita Soshnikov.
0:32 of 2nd period - Erik Burgdoerfer is hit by Vladislav Kamenev and loses puck.
0:48 of 2nd period - Slapshot by Danny Kristo.
0:48 of 2nd period - Stopped by Brad Thiessen without a rebound.
0:49 of 2nd period - Zac Rinaldo wins face-off versus Justin Dowling in Las Vegas Wranglers zone.
1:00 of 2nd period - Snap shot by Justin Dowling.
1:00 of 2nd period - Stopped by Brad Thiessen with a rebound.
1:02 of 2nd period - Wrist shot by Danny Kristo.
1:02 of 2nd period - Stopped by Brad Thiessen with a rebound.
1:04 of 2nd period - Snap shot by Justin Dowling.
1:04 of 2nd period - Stopped by Brad Thiessen with a rebound.
1:06 of 2nd period - Wrist shot by Michael Bunting.
1:06 of 2nd period - Shot Blocked by Justin Auger.
1:08 of 2nd period - Backhand shot by Patrick Sieloff.
1:08 of 2nd period - Stopped by Brad Thiessen without a rebound.
1:09 of 2nd period - Vladislav Kamenev wins face-off versus Evan Rodrigues in Las Vegas Wranglers zone.
1:15 of 2nd period - Off-side.
1:16 of 2nd period - Evan Rodrigues wins face-off versus Vladislav Kamenev in neutral zone.
1:21 of 2nd period - Wrist shot by Logan Shaw.
1:21 of 2nd period - Shot Misses the Net.
1:55 of 2nd period - Carl Dahlstrom is hit by Erik Burgdoerfer and loses puck.
2:25 of 2nd period - Gustav Forsling is hit by Chris Casto and loses puck.
3:00 of 2nd period - Snap shot by Ryan Lomberg.
3:00 of 2nd period - Shot Misses the Net.
3:18 of 2nd period - Snap shot by Nikolay Goldobin.
3:18 of 2nd period - Shot Misses the Net.
3:20 of 2nd period - Minor Penalty to Patrick Sieloff for Interference.
3:21 of 2nd period - Zac Rinaldo wins face-off versus Evan Rodrigues in Bridgeport Sound Tigers zone.
4:42 of 2nd period - Wrist shot by Dylan Sadowy.
4:42 of 2nd period - Shot Blocked by Nikita Soshnikov.
5:20 of 2nd period - Penalty to Patrick Sieloff is over, Patrick Sieloff is back on ice.
5:32 of 2nd period - Carl Dahlstrom is hit by Justin Dowling and loses puck.
6:48 of 2nd period - Stephen MacAulay is hit by Korbinian Holzer and loses puck.
7:25 of 2nd period - Snap shot by Danny Kristo.
7:25 of 2nd period - Shot Blocked by Joel Hanley.
7:45 of 2nd period - Off-side.
7:46 of 2nd period - Stephen MacAulay wins face-off versus Vladislav Kamenev in neutral zone.
7:56 of 2nd period - Off-side.
7:57 of 2nd period - Zac Rinaldo wins face-off versus Justin Scott in neutral zone.
8:02 of 2nd period - Snap shot by Justin Auger.
8:02 of 2nd period - Shot Misses the Net.
8:04 of 2nd period - Snap shot by Zac Rinaldo.
8:04 of 2nd period - Shot Blocked by Daniel Catenacci.
8:06 of 2nd period - Snap shot by Matthew Ford.
8:06 of 2nd period - Deflect By Justin Auger.
8:06 of 2nd period - Stopped by Cal Heeter with a rebound.
8:08 of 2nd period - Slapshot by Carl Dahlstrom.
8:08 of 2nd period - Shot Hit the Post.
8:10 of 2nd period - Wrist shot by Matthew Ford.
8:10 of 2nd period - Shot Misses the Net.
8:12 of 2nd period - Snap shot by Justin Auger.
8:12 of 2nd period - Stopped by Cal Heeter with a rebound.
8:22 of 2nd period - Gustav Forsling is hit by Korbinian Holzer.
8:26 of 2nd period - Justin Dowling is hit by Peter Stoykewych and loses puck.
8:46 of 2nd period - Minor Penalty to Sena Acolatse for Holding.
8:47 of 2nd period - Vladislav Kamenev wins face-off versus Logan Shaw in Bridgeport Sound Tigers zone.
8:47 of 2nd period - Wrist shot by Nikita Soshnikov.
8:47 of 2nd period - Shot Misses the Net.
8:51 of 2nd period - Wrist shot by Nikita Soshnikov.
8:51 of 2nd period - Stopped by Cal Heeter without a rebound.
8:52 of 2nd period - Vladislav Kamenev wins face-off versus Evan Rodrigues in Bridgeport Sound Tigers zone.
9:04 of 2nd period - Off-side.
9:05 of 2nd period - Vladislav Kamenev wins face-off versus Evan Rodrigues in neutral zone.
9:34 of 2nd period - Slapshot by Matthew Ford.
9:34 of 2nd period - Stopped by Cal Heeter with a rebound.
9:36 of 2nd period - Wrist shot by Justin Auger.
9:36 of 2nd period - Stopped by Cal Heeter without a rebound.
9:37 of 2nd period - Justin Dowling wins face-off versus Zac Rinaldo in Bridgeport Sound Tigers zone.
10:03 of 2nd period - Icing by Joel Hanley.
10:04 of 2nd period - Evan Rodrigues wins face-off versus Vladislav Kamenev in Las Vegas Wranglers zone.
10:05 of 2nd period - Slapshot by Logan Shaw.
10:05 of 2nd period - Stopped by Brad Thiessen with a rebound.
10:46 of 2nd period - Penalty to Sena Acolatse is over, Sena Acolatse is back on ice.
12:18 of 2nd period - Wrist shot by Vladislav Kamenev.
12:18 of 2nd period - Stopped by Cal Heeter without a rebound.
12:19 of 2nd period - Vladislav Kamenev wins face-off versus Justin Scott in Bridgeport Sound Tigers zone.
12:20 of 2nd period - Snap shot by Nikita Soshnikov.
12:20 of 2nd period - Stopped by Cal Heeter with a rebound.
12:52 of 2nd period - Wrist shot by Zac Rinaldo.
12:52 of 2nd period - Stopped by Cal Heeter with a rebound.
13:54 of 2nd period - Snap shot by Justin Auger.
13:54 of 2nd period - Shot Misses the Net.
13:56 of 2nd period - Snap shot by Matthew Ford.
13:56 of 2nd period - Deflect By Kerby Rychel.
13:56 of 2nd period - Stopped by Cal Heeter with a rebound.
14:13 of 2nd period - Joel Hanley is hit by Patrick Sieloff and loses puck.
14:31 of 2nd period - Icing by Dillon Heatherington.
14:32 of 2nd period - Vladislav Kamenev wins face-off versus Justin Scott in Las Vegas Wranglers zone.
14:53 of 2nd period - Snap shot by Vladislav Kamenev.
14:53 of 2nd period - Stopped by Cal Heeter with a rebound.
14:55 of 2nd period - Slapshot by Nikita Soshnikov.
14:55 of 2nd period - Deflect By Vladislav Kamenev.
14:55 of 2nd period - Shot Misses the Net.
14:55 of 2nd period - Puck is out of play.
14:56 of 2nd period - Zac Rinaldo wins face-off versus Evan Rodrigues in Bridgeport Sound Tigers zone.
14:57 of 2nd period - Wrist shot by Matthew Ford.
14:57 of 2nd period - Shot Blocked by Sena Acolatse.
14:59 of 2nd period - Wrist shot by Carl Dahlstrom.
14:59 of 2nd period - Shot Misses the Net.
15:23 of 2nd period - Korbinian Holzer is hit by Patrick Sieloff and loses puck.
15:32 of 2nd period - Snap shot by Danny Kristo.
15:32 of 2nd period - Stopped by Brad Thiessen with a rebound.
15:46 of 2nd period - Jimmy Hayes is hit by Justin Scott and loses puck.
16:08 of 2nd period - Off-side.
16:09 of 2nd period - Vladislav Kamenev wins face-off versus Justin Dowling in neutral zone.
16:47 of 2nd period - Peter Stoykewych is hit by Logan Shaw and loses puck.
17:00 of 2nd period - Backhand shot by Nikolay Goldobin.
17:00 of 2nd period - Stopped by Cal Heeter without a rebound.
17:01 of 2nd period - Ben Holmstrom wins face-off versus Justin Scott in Bridgeport Sound Tigers zone.
17:04 of 2nd period - Wrist shot by Nikolay Goldobin.
17:04 of 2nd period - Stopped by Cal Heeter without a rebound.
17:05 of 2nd period - Evan Rodrigues wins face-off versus Vladislav Kamenev in Bridgeport Sound Tigers zone.
17:05 of 2nd period - Evan Rodrigues is hit by Vladislav Kamenev.
17:11 of 2nd period - Nikita Soshnikov is hit by Erik Burgdoerfer and loses puck.
17:30 of 2nd period - Wrist shot by Zac Rinaldo.
17:30 of 2nd period - Stopped by Cal Heeter without a rebound.
17:31 of 2nd period - Justin Dowling wins face-off versus Zac Rinaldo in Bridgeport Sound Tigers zone.
17:49 of 2nd period - Snap shot by Danny Kristo.
17:49 of 2nd period - Shot Blocked by Korbinian Holzer.
17:51 of 2nd period - Wrist shot by Danny Kristo.
17:51 of 2nd period - Stopped by Brad Thiessen without a rebound.
17:52 of 2nd period - Vladislav Kamenev wins face-off versus Evan Rodrigues in Las Vegas Wranglers zone.
18:07 of 2nd period - Snap shot by Jimmy Hayes.
18:07 of 2nd period - Shot Misses the Net.
18:22 of 2nd period - Slapshot by Kerby Rychel.
18:22 of 2nd period - Stopped by Brad Thiessen with a rebound.
18:24 of 2nd period - Slapshot by Patrick Sieloff.
18:24 of 2nd period - Stopped by Brad Thiessen with a rebound.
18:34 of 2nd period - Snap shot by Logan Shaw.
18:34 of 2nd period - Stopped by Brad Thiessen with a rebound.
18:41 of 2nd period - Slapshot by Cody Corbett.
18:41 of 2nd period - Deflect By Logan Shaw.
18:41 of 2nd period - Shot Misses the Net.
18:41 of 2nd period - Puck is out of play.
18:42 of 2nd period - Danny Kristo wins face-off versus Vladislav Kamenev in Las Vegas Wranglers zone.
18:48 of 2nd period - Minor Penalty to Korbinian Holzer for Tripping.
18:49 of 2nd period - Vladislav Kamenev wins face-off versus Justin Dowling in Las Vegas Wranglers zone.
Goals for this period are 0 for Bridgeport Sound Tigers vs 1 for Las Vegas Wranglers.
Shots for this period are 11 for Bridgeport Sound Tigers vs 15 for Las Vegas Wranglers.

3rd period


0:01 of 3rd period - Nikita Soshnikov wins face-off versus Evan Rodrigues in neutral zone.
0:12 of 3rd period - Snap shot by Nikita Soshnikov.
0:12 of 3rd period - Shot Misses the Net.
0:48 of 3rd period - Penalty to Korbinian Holzer is over, Korbinian Holzer is back on ice.
0:59 of 3rd period - Snap shot by Nikolay Goldobin.
0:59 of 3rd period - Shot Blocked by Daniel Catenacci.
1:19 of 3rd period - Snap shot by Cody Bass.
1:19 of 3rd period - Stopped by Cal Heeter without a rebound.
1:20 of 3rd period - Vladislav Kamenev wins face-off versus Logan Shaw in Bridgeport Sound Tigers zone.
1:45 of 3rd period - Jacob Middleton is hit by Justin Auger and loses puck.
2:08 of 3rd period - Snap shot by Cody Bass.
2:08 of 3rd period - Shot Misses the Net.
2:10 of 3rd period - Snap shot by Cody Bass.
2:10 of 3rd period - Shot Misses the Net.
2:12 of 3rd period - Slapshot by Chris Casto.
2:12 of 3rd period - Stopped by Cal Heeter without a rebound.
2:13 of 3rd period - Evan Rodrigues wins face-off versus Vladislav Kamenev in Bridgeport Sound Tigers zone.
3:32 of 3rd period - Snap shot by Nikolay Goldobin.
3:32 of 3rd period - Stopped by Cal Heeter without a rebound.
3:33 of 3rd period - Justin Dowling wins face-off versus Vladislav Kamenev in Bridgeport Sound Tigers zone.
3:40 of 3rd period - Sena Acolatse is hit by Nikita Soshnikov and loses puck.
3:49 of 3rd period - Snap shot by Vladislav Kamenev.
3:49 of 3rd period - Shot Misses the Net.
3:59 of 3rd period - Dillon Heatherington is hit by Kerby Rychel and loses puck.
5:12 of 3rd period - Snap shot by Cody Bass.
5:12 of 3rd period - Goal by Cody Bass - Bridgeport Sound Tigers : 0 - Las Vegas Wranglers : 3.
5:13 of 3rd period - Logan Shaw wins face-off versus Vladislav Kamenev in neutral zone.
5:25 of 3rd period - Snap shot by Evan Rodrigues.
5:25 of 3rd period - Stopped by Brad Thiessen with a rebound.
5:27 of 3rd period - Slapshot by Erik Burgdoerfer.
5:27 of 3rd period - Shot Misses the Net.
5:29 of 3rd period - Slapshot by Erik Burgdoerfer.
5:29 of 3rd period - Shot Blocked by Chris Casto.
5:39 of 3rd period - Gustav Forsling is hit by Justin Auger and loses puck.
7:26 of 3rd period - Slapshot by Korbinian Holzer.
7:26 of 3rd period - Stopped by Cal Heeter with a rebound.
7:57 of 3rd period - Minor Penalty to Cody Bass for Holding.
7:58 of 3rd period - Justin Dowling wins face-off versus Nikita Soshnikov in Las Vegas Wranglers zone.
8:01 of 3rd period - Backhand shot by Justin Dowling.
8:01 of 3rd period - Shot Misses the Net.
8:03 of 3rd period - Slapshot by Erik Burgdoerfer.
8:03 of 3rd period - Goal by Erik Burgdoerfer - Bridgeport Sound Tigers : 1 - Las Vegas Wranglers : 3.
8:04 of 3rd period - Vladislav Kamenev wins face-off versus Evan Rodrigues in neutral zone.
8:09 of 3rd period - Wrist shot by Jimmy Hayes.
8:09 of 3rd period - Stopped by Cal Heeter with a rebound.
8:11 of 3rd period - Slapshot by Chris Casto.
8:11 of 3rd period - Deflect By Nikita Soshnikov.
8:11 of 3rd period - Stopped by Cal Heeter with a rebound.
8:13 of 3rd period - Snap shot by Joel Hanley.
8:13 of 3rd period - Shot Misses the Net.
8:15 of 3rd period - Snap shot by Vladislav Kamenev.
8:15 of 3rd period - Deflect By Kerby Rychel.
8:15 of 3rd period - Stopped by Cal Heeter without a rebound.
8:16 of 3rd period - Evan Rodrigues wins face-off versus Vladislav Kamenev in Bridgeport Sound Tigers zone.
8:16 of 3rd period - Evan Rodrigues is hit by Carl Dahlstrom.
8:30 of 3rd period - Wrist shot by Logan Shaw.
8:30 of 3rd period - Stopped by Brad Thiessen with a rebound.
8:32 of 3rd period - Snap shot by Evan Rodrigues.
8:32 of 3rd period - Stopped by Brad Thiessen without a rebound.
8:33 of 3rd period - Justin Dowling wins face-off versus Zac Rinaldo in Las Vegas Wranglers zone.
8:38 of 3rd period - Slapshot by Gustav Forsling.
8:38 of 3rd period - Stopped by Brad Thiessen with a rebound.
9:07 of 3rd period - Snap shot by Nikita Soshnikov.
9:07 of 3rd period - Deflect By Jimmy Hayes.
9:07 of 3rd period - Stopped by Cal Heeter without a rebound.
9:08 of 3rd period - Evan Rodrigues wins face-off versus Zac Rinaldo in Bridgeport Sound Tigers zone.
9:14 of 3rd period - Matthew Ford and Kerby Rychel fight to a draw.
9:14 of 3rd period - Penalty to Matthew Ford for Fighting.
9:14 of 3rd period - Penalty to Kerby Rychel for Fighting.
9:15 of 3rd period - Evan Rodrigues wins face-off versus Vladislav Kamenev in Bridgeport Sound Tigers zone.
9:15 of 3rd period - Evan Rodrigues is hit by Jimmy Hayes.
9:23 of 3rd period - Snap shot by Evan Rodrigues.
9:23 of 3rd period - Deflect By Logan Shaw.
9:23 of 3rd period - Shot Misses the Net.
9:23 of 3rd period - Puck is out of play.
9:24 of 3rd period - Vladislav Kamenev wins face-off versus Evan Rodrigues in Las Vegas Wranglers zone.
9:31 of 3rd period - Snap shot by Vladislav Kamenev.
9:31 of 3rd period - Shot Misses the Net.
9:49 of 3rd period - Wrist shot by Jimmy Hayes.
9:49 of 3rd period - Shot Blocked by Evan Rodrigues.
10:13 of 3rd period - Snap shot by Evan Rodrigues.
10:13 of 3rd period - Stopped by Brad Thiessen without a rebound.
10:14 of 3rd period - Zac Rinaldo wins face-off versus Justin Dowling in Las Vegas Wranglers zone.
10:21 of 3rd period - Wrist shot by Danny Kristo.
10:21 of 3rd period - Shot Misses the Net.
10:22 of 3rd period - Sena Acolatse beats up Joel Hanley.
10:22 of 3rd period - Penalty to Joel Hanley for Fighting.
10:22 of 3rd period - Penalty to Sena Acolatse for Fighting.
10:23 of 3rd period - Vladislav Kamenev wins face-off versus Evan Rodrigues in Las Vegas Wranglers zone.
10:36 of 3rd period - Gustav Forsling is hit by Nikita Soshnikov and loses puck.
10:49 of 3rd period - Joel Vermin is hit by Michael Bunting and loses puck.
11:37 of 3rd period - Joel Vermin is hit by Cody Corbett and loses puck.
12:10 of 3rd period - Snap shot by Justin Scott.
12:10 of 3rd period - Shot Blocked by Korbinian Holzer.
12:37 of 3rd period - Slapshot by Korbinian Holzer.
12:37 of 3rd period - Stopped by Cal Heeter without a rebound.
12:38 of 3rd period - Vladislav Kamenev wins face-off versus Stephen MacAulay in Bridgeport Sound Tigers zone.
12:43 of 3rd period - Wrist shot by Nikita Soshnikov.
12:43 of 3rd period - Shot Misses the Net.
12:45 of 3rd period - Snap shot by Korbinian Holzer.
12:45 of 3rd period - Stopped by Cal Heeter with a rebound.
12:47 of 3rd period - Snap shot by Jimmy Hayes.
12:47 of 3rd period - Shot Misses the Net.
13:06 of 3rd period - Michael Bunting is hit by Zac Rinaldo and loses puck.
13:27 of 3rd period - Slapshot by Erik Burgdoerfer.
13:27 of 3rd period - Shot Blocked by Tage Thompson.
13:29 of 3rd period - Snap shot by Daniel Catenacci.
13:29 of 3rd period - Goal by Daniel Catenacci - Bridgeport Sound Tigers : 2 - Las Vegas Wranglers : 3.
13:30 of 3rd period - Evan Rodrigues wins face-off versus Vladislav Kamenev in neutral zone.
13:35 of 3rd period - Snap shot by Logan Shaw.
13:35 of 3rd period - Stopped by Brad Thiessen with a rebound.
13:56 of 3rd period - Danny Kristo is hit by Zac Rinaldo and loses puck.
14:25 of 3rd period - Snap shot by Tage Thompson.
14:25 of 3rd period - Deflect By Cody Bass.
14:25 of 3rd period - Shot Misses the Net.
14:25 of 3rd period - Puck is out of play.
14:26 of 3rd period - Vladislav Kamenev wins face-off versus Ryan Lomberg in Bridgeport Sound Tigers zone.
14:51 of 3rd period - Zac Rinaldo is hit by Justin Dowling.
15:00 of 3rd period - Off-side.
15:01 of 3rd period - Justin Scott wins face-off versus Ben Holmstrom in neutral zone.
15:04 of 3rd period - Wrist shot by Daniel Catenacci.
15:04 of 3rd period - Shot Misses the Net.
15:06 of 3rd period - Snap shot by Gustav Forsling.
15:06 of 3rd period - Stopped by Brad Thiessen with a rebound.
15:08 of 3rd period - Wrist shot by Daniel Catenacci.
15:08 of 3rd period - Deflect By Nikolay Goldobin.
15:08 of 3rd period - Shot Blocked by Nikolay Goldobin.
15:08 of 3rd period - Puck is out of play.
15:09 of 3rd period - Justin Scott wins face-off versus Ben Holmstrom in Las Vegas Wranglers zone.
15:12 of 3rd period - Slapshot by Justin Scott.
15:12 of 3rd period - Stopped by Brad Thiessen without a rebound.
15:13 of 3rd period - Ben Holmstrom wins face-off versus Kerby Rychel in Las Vegas Wranglers zone.
15:48 of 3rd period - Off-side.
15:49 of 3rd period - Ben Holmstrom wins face-off versus Evan Rodrigues in neutral zone.
15:56 of 3rd period - Ben Holmstrom is hit by Patrick Sieloff and loses puck.
16:17 of 3rd period - Chris Casto is hit by Patrick Sieloff and loses puck.
16:24 of 3rd period - Snap shot by Danny Kristo.
16:24 of 3rd period - Stopped by Brad Thiessen with a rebound.
16:26 of 3rd period - Snap shot by Michael Bunting.
16:26 of 3rd period - Shot Blocked by Joel Hanley.
16:28 of 3rd period - Slapshot by Danny Kristo.
16:28 of 3rd period - Shot Misses the Net.
16:30 of 3rd period - Slapshot by Danny Kristo.
16:30 of 3rd period - Stopped by Brad Thiessen with a rebound.
16:48 of 3rd period - Chris Casto is hit by Erik Burgdoerfer and loses puck.
17:15 of 3rd period - Slapshot by Gustav Forsling.
17:15 of 3rd period - Stopped by Brad Thiessen with a rebound.
17:17 of 3rd period - Snap shot by Erik Burgdoerfer.
17:17 of 3rd period - Stopped by Brad Thiessen with a rebound.
17:19 of 3rd period - Snap shot by Dylan Sadowy.
17:19 of 3rd period - Stopped by Brad Thiessen with a rebound.
17:21 of 3rd period - Slapshot by Erik Burgdoerfer.
17:21 of 3rd period - Deflect By Justin Scott.
17:21 of 3rd period - Stopped by Brad Thiessen without a rebound.
17:22 of 3rd period - Vladislav Kamenev wins face-off versus Evan Rodrigues in Las Vegas Wranglers zone.
18:43 of 3rd period - Dillon Heatherington is hit by Dylan Sadowy and loses puck.
19:03 of 3rd period - Bridgeport Sound Tigers, Cal Heeter is pulled from the net.
19:18 of 3rd period - Wrist shot by Logan Shaw.
19:18 of 3rd period - Stopped by Brad Thiessen with a rebound.
19:20 of 3rd period - Snap shot by Sena Acolatse.
19:20 of 3rd period - Shot Blocked by Vladislav Kamenev.
19:32 of 3rd period - Snap shot by Logan Shaw.
19:32 of 3rd period - Stopped by Brad Thiessen with a rebound.
19:34 of 3rd period - Slapshot by Kerby Rychel.
19:34 of 3rd period - Stopped by Brad Thiessen with a rebound.
19:36 of 3rd period - Wrist shot by Logan Shaw.
19:36 of 3rd period - Shot Blocked by Carl Dahlstrom.
19:40 of 3rd period - Wrist shot by Logan Shaw.
19:40 of 3rd period - Deflect By Kerby Rychel.
19:40 of 3rd period - Stopped by Brad Thiessen with a rebound.
19:42 of 3rd period - Snap shot by Logan Shaw.
19:42 of 3rd period - Stopped by Brad Thiessen without a rebound.
19:43 of 3rd period - Ben Simon call a timeout for Bridgeport Sound Tigers.
19:43 of 3rd period - Vladislav Kamenev wins face-off versus Evan Rodrigues in Las Vegas Wranglers zone.
19:53 of 3rd period - Snap shot by Logan Shaw.
19:53 of 3rd period - Stopped by Brad Thiessen without a rebound.
19:54 of 3rd period - Vladislav Kamenev wins face-off versus Evan Rodrigues in Las Vegas Wranglers zone.
Goals for this period are 2 for Bridgeport Sound Tigers vs 1 for Las Vegas Wranglers.
Shots for this period are 22 for Bridgeport Sound Tigers vs 11 for Las Vegas Wranglers.